AoeStats
← Runxi24

Hideout

503570525Analyzed
2v2 RM · 1mo ago on Sep 1, 2026· 45m 48s· 4 players
Game mode
Random Map
Map size
Medium (4 player)
Population
200
Speed
Normal
Resources
Standard
Victory
Conquest
Starting age
Dark Age
Ending age
Imperial Age
RankedLock teamsTeams togetherTeam positionsShared explorationLock speedFull tech treeHidden civsTurbo modeCheats
Victory
Defeat
🇹🇼 Persians · Taiwan
1163
+17
🇨🇳 Koreans · China
1138
+18
🇪🇸 Persians · Spain
1198
-18
🇪🇸 Poles · Spain
1155
-16
南港包大爺
10:40 Feudal Age
8:55 Loom
14:27 Castle Age
12:54 Double-Bit Axe
13:34 Horse Collar
19:42 Bow Saw
20:22 Heavy Plow
22:38 Bloodlines
22:28 Husbandry
24:02 Gold Mining
25:08 Scale Barding Armor
26:13 Forging
26:42 Chain Barding Armor
29:00 Iron Casting
33:08 Imperial Age
31:16 Wheelbarrow
33:18 Gold Shaft Mining
33:10 Heavy Camel Rider
35:22 Two-Man Saw
33:54 Cavalier
35:33 Plate Barding Armor
35:03 Stone Mining
36:13 Savar
38:41 Blast Furnace
1438537544
7:47 Loom
10:11 Feudal Age
10:48 Double-Bit Axe
11:25 Horse Collar
18:17 Fletching
21:15 Castle Age
21:47 Stone Mining
21:40 Crossbowman
23:56 Bodkin Arrow
24:19 Bow Saw
30:51 Wheelbarrow
32:47 Hand Cart
36:19 Imperial Age
35:18 Ballistics
36:28 Arbalester
37:12 Bracer
38:50 Two-Man Saw
39:45 Chemistry
40:49 Gold Mining
40:34 Elite Skirmisher
42:33 Light Cavalry
43:14 Husbandry
44:34 Scale Barding Armor
44:15 Hussar
46:18 Chain Barding Armor
aKrasia
4:47 Loom
9:55 Feudal Age
13:54 Castle Age
14:34 Double-Bit Axe
17:00 Bow Saw
17:32 Horse Collar
21:05 Heavy Plow
20:57 Gold Mining
24:45 Wheelbarrow
27:32 Imperial Age
25:50 Scale Barding Armor
25:55 Forging
27:39 Hand Cart
27:47 Chain Barding Armor
27:37 Forging
28:55 Chemistry
28:13 Bloodlines
31:17 Husbandry
32:46 Plate Barding Armor
35:11 Iron Casting
34:02 Heavy Camel Rider
43:02 Hoardings
44:38 Blast Furnace
Runxi24
10:45 Feudal Age
11:42 Loom
14:32 Horse Collar
18:39 Castle Age
17:09 Double-Bit Axe
20:10 Fletching
27:00 Bodkin Arrow
27:32 Heavy Plow
27:51 Bow Saw
28:43 Sanctity
36:54 Imperial Age
35:08 Padded Archer Armor
35:39 Crossbowman
36:24 Thumb Ring
37:15 Wheelbarrow
37:01 Scale Mail Armor
36:32 Elite Skirmisher
37:34 Arbalester
39:10 Bracer
39:34 Ballistics
40:53 Leather Archer Armor
41:39 Scale Barding Armor
42:22 Bloodlines
42:13 Husbandry
43:40 Cavalier
44:33 Szlachta Privileges
Connection lost

Rejoining the realm…

Still unreachable

The connection could not be restored.

Session expired

The server has moved on; the page needs a fresh start.